 Dungeon Crawl Stone Soup version 0.19.1 (webtiles) character file.

1967 KingBobo974 the Cleaver (level 9, -6/79 HPs)
             Began as a Minotaur Gladiator on Dec 10, 2016.
             Was an Initiate of Makhleb.
             Killed by divine providence
             ... invoked by an orc priest
              (14 damage)
             ... on level 7 of the Dungeon.
             The game lasted 00:18:38 (3139 turns).

KingBobo974 the Cleaver (Minotaur Gladiator)        Turns: 3139, Time: 00:18:38

Health: -6/79      AC: 11    Str: 24    XL:     9   Next: 0%
Magic:  7/7        EV:  9    Int:  5    God:    Makhleb [......]
Gold:   192        SH:  0    Dex: 10    Spells: 0 memorised, 8 levels left

rFire  . . .     SeeInvis .     e - +3 hand axe (venom)
rCold  . . .     Gourm    .     g - +0 chain mail
rNeg   . . .     Faith    .     (no shield)
rPois  +         Spirit   .     c - +0 hat
rElec  .         Reflect  .     r - +0 cloak
rCorr  .         Harm     .     (no gloves)
MR     .....                    (no boots)
Stlth  ..........               m - amulet of rage
                                (no ring)
                                (no ring)

@: no status effects
A: retaliatory headbutt, claws 1, horns 2, low mp 1, poison resistance
a: Renounce Religion, Evoke Berserk Rage


You were on level 7 of the Dungeon.
You worshipped Makhleb.
Makhleb was noncommittal.
You were not hungry.

You visited 2 branches of the dungeon, and saw 8 of its levels.

You collected 192 gold pieces.

Inventory:

Hand Weapons
 a - a +0 war axe
 e - a +3 hand axe of venom (weapon)
 v - a +0 battleaxe
 A - a +0 mace of holy wrath
Missiles
 d - 3 throwing nets (quivered)
Armour
 b - a +0 leather armour
 c - a +0 hat (worn)
 g - a +0 chain mail (worn)
 o - a +0 leather armour
 r - a +0 cloak (worn)
 s - a +2 robe of resistance
 t - a +2 robe of magic resistance
Jewellery
 m - an amulet of rage (around neck)
 z - an uncursed ring of resist corrosion {unknown}
Wands
 p - a wand of lightning (3/15)
 y - a wand of iceblast (4/15)
Scrolls
 j - a scroll of magic mapping
 l - 2 scrolls of remove curse
 n - 3 scrolls of identify
Potions
 k - a potion of degeneration
 w - 3 potions of lignification {unknown}
Books
 u - a book of Misfortune

   Spells                             Type                      Level
   a - Confusing Touch                Hexes                        1
   b - Confuse                        Hexes                        3
   c - Gell's Gravitas                Hexes/Translocation          3
   d - Petrify                        Transmutation/Earth          4
   e - Metabolic Englaciation         Hexes/Ice                    5
   f - Yara's Violent Unravelling     Hexes/Transmutation          5
Comestibles
 f - 9 bread rations
 h - a meat ration
 i - 4 fruits
 q - a beef jerky


   Skills:
 + Level 7.3 Fighting
 * Level 10.6 Axes
 - Level 2.0 Throwing
 + Level 6.5 Armour
 - Level 3.2 Dodging


You had 8 spell levels left.
You didn't know any spells.

Dungeon Overview and Level Annotations

Branches:
Dungeon (7/15)             Temple (1/1) D:5

Altars:
Ashenzari
Elyvilon
Fedhas
Hepliaklqana
Makhleb
Nemelex Xobeh
Okawaru
Sif Muna
Trog
Vehumet
Xom
Yredelemnul
Zin
The Shining One

Shops:
D:4 %

Portals:
Sewer: D:3

Annotations:
D:6 murphy's ghost, novice DDFi


Innate Abilities, Weirdness & Mutations

You reflexively headbutt those who attack you in melee.
You have a pair of horns on your head.
You have sharp fingernails.
Your magical capacity is low. (-10% MP)
Your system is resistant to poisons. (rPois)


Message History

You headbutt murphy's ghost, but do no damage.
Murphy's ghost is severely damaged.
Murphy's ghost hits you.
* * * LOW HITPOINT WARNING * * *
Unknown command.
Murphy's ghost wails, "You will never get the ORB!"
Murphy's ghost says, "I won't need demonic support against you."
Murphy's ghost says, "I died to destroy people like you for fun."
Murphy's ghost says, "Try not to bleed too much."
There is a stone staircase leading down here.
Murphy's ghost closely misses you. You furiously retaliate!
You headbutt murphy's ghost, but do no damage.
You climb downwards.
The ghost fades into the shadows.
Murphy's ghost disappears!
A jelly, an orc, an orc warrior and an orc priest come into view.
The orc shouts!
There is a stone staircase leading up here.
The orc priest invokes the aid of Beogh against you.
Beogh smites you!
You die...

####..#o#
......#.#
.≈≈...#o#
≈≈≈≈..#.#####
≈≈≈≈...oo...
≈≈≈≈..J...#
≈.........#
≈......@..#
....⌠.....#
.##.......#
##..#.#.#
....#...#
###.##.....
#. ... ### ##
#.###...


You could see an orc warrior, a jelly, an orc priest, an orc wizard (wandering)
and an orc.

Vanquished Creatures
  Grinder (D:6)
  The ghost of Scuka the Archer, an amateur CeHu (D:4)
  Menkaure (D:6)
  Duvessa (D:5)
  An orc warrior (D:6)
  A phantom (D:4)
  4 ogres
  A centaur (D:3)
  Blork the orc (D:4)
  Dowan (D:5)
  A scorpion (D:6)
  A crimson imp (D:6)
  2 hounds
  2 orc priests (D:6)
  3 orc wizards
  A bullfrog skeleton (D:6)
  3 worker ants
  Natasha (thrice) (D:2)
  2 iguanas (D:4)
  10 adders
  A shadow imp (D:5)
  An ooze (D:6)
  2 adder skeletons
  3 worms
  A dart slug (D:1)
  A leopard gecko (D:4)
  13 orcs
  3 giant cockroaches
  3 goblins (D:1)
  7 hobgoblins
  7 jackals
  3 kobolds
  2 quokkas (D:2)
  3 ball pythons
  A bat (D:6)
  6 frilled lizards
  6 rats
104 creatures vanquished.

Notes
Turn   | Place    | Note
-------+----------+-------------------------------------------
     0 | D:1      | KingBobo974 the Minotaur Gladiator began the quest for the Orb.
     0 | D:1      | Reached XP level 1. HP: 18/18 MP: 0/0
   115 | D:1      | Reached XP level 2. HP: 23/25 MP: 1/1
   128 | D:1      | Reached skill level 4 in Axes
   573 | D:2      | Reached skill level 1 in Armour
   624 | D:2      | Found a deep blue altar of Sif Muna.
   627 | D:2      | Found a shattered altar of Ashenzari.
   627 | D:2      | Found a basalt altar of Yredelemnul.
   633 | D:2      | Reached XP level 3. HP: 29/31 MP: 2/2
   736 | D:2      | Noticed Natasha
   742 | D:2      | Killed Natasha
   742 | D:2      | Reached skill level 5 in Axes
   742 | D:2      | Reached XP level 4. HP: 33/38 MP: 3/3
   832 | D:2      | Noticed Natasha
   842 | D:2      | Killed Natasha
   927 | D:2      | Noticed Natasha
   934 | D:2      | Killed Natasha
  1022 | D:2      | Gained mutation: You have sharp fingernails. [potion of mutation]
  1022 | D:2      | Gained mutation: Your system is resistant to poisons. (rPois) [potion of mutation]
  1022 | D:2      | Gained mutation: Your magical capacity is low. (-10% MP) [potion of mutation]
  1070 | D:3      | Found a glowing drain.
  1075 | D:3      | Reached XP level 5. HP: 46/46 MP: 3/3
  1147 | D:3      | Noticed a centaur
  1154 | D:3      | Killed a centaur
  1154 | D:3      | Reached skill level 6 in Axes
  1461 | D:4      | Reached XP level 6. HP: 50/52 MP: 4/4
  1642 | D:4      | Reached skill level 7 in Axes
  1712 | D:4      | Reached skill level 5 in Fighting
  1712 | D:4      | Reached XP level 7. HP: 55/61 MP: 5/5
  1799 | D:4      | Found Firchinui's Food Shop.
  1979 | D:4      | Noticed Blork the orc
  1980 | D:4      | Noticed Scuka's ghost (amateur CeHu)
  1988 | D:4      | Killed Blork the orc
  1988 | D:4      | Reached skill level 8 in Axes
  1999 | D:4      | Killed Scuka's ghost
  2325 | D:5      | Entered Level 5 of the Dungeon
  2368 | D:5      | Noticed Duvessa
  2369 | D:5      | Noticed Dowan
  2376 | D:5      | Killed Duvessa
  2376 | D:5      | Reached skill level 9 in Axes
  2376 | D:5      | Reached skill level 5 in Armour
  2376 | D:5      | Reached XP level 8. HP: 50/70 MP: 6/6
  2381 | D:5      | Killed Dowan
  2419 | D:5      | Found a staircase to the Ecumenical Temple.
  2442 | Temple   | Entered the Ecumenical Temple
  2484 | Temple   | Became a worshipper of Makhleb the Destroyer
  2565 | D:6      | Found a white marble altar of Elyvilon.
  2607 | D:6      | Noticed Menkaure
  2615 | D:6      | Killed Menkaure
  2653 | D:6      | Noticed Grinder
  2666 | D:6      | Killed Grinder
  2666 | D:6      | Reached skill level 10 in Axes
  2970 | D:6      | Reached XP level 9. HP: 66/79 MP: 7/7
  3059 | D:6      | Noticed murphy's ghost (novice DDFi)
  3103 | D:6      | HP: 3/79 [murphy's ghost (8)]
  3113 | D:6      | HP: 2/79 [murphy's ghost (3)]
  3139 | D:7      | Killed from afar by an orc priest

Skill      XL: |  1  2  3  4  5  6  7  8 |
---------------+-------------------------+-----
Axes           | 4 5 6 7 9 10 | 10.6
Fighting       | 3 4 5 6 7 |  7.3
Armour         | 1 2 3 5 6 |  6.5
Throwing       | |  2.0
Dodging        | |  3.2

Action                   |  1- 3 |  4- 6 |  7- 9 || total
-------------------------+-------+-------+-------++-------
Melee: War axe           |    49 |    92 |    44 ||   185
       Headbutt          |     6 |    14 |    39 ||    59
       Hand axe          |       |       |    99 ||    99
Throw: Throwing net      |       |       |     1 ||     1
Evoke: Wand              |       |       |     1 ||     1
  Use: Scroll            |       |     9 |     3 ||    12
       Potion            |       |     4 |       ||     4
  Eat: Meat ration       |       |     1 |     1 ||     2
Armor: Chain mail        |    23 |    39 |    54 ||   116
Dodge: Dodged            |    27 |    42 |    42 ||   111
